cohdb
Replays
Latest Replays
All Replays
Popular Replays
Top Player Replays
Match Explorer
How It Works
Community
CoH3 Stats
Reddit
Sign in to upload your games and track your stats! →
Sign in with Steam
Match 41848009
Unlisted
Match 41848009
Overview
Messages
Build Orders
End
Selects Italian Coastal Battlegroup
Selects Coastal Reserves
Coastal Reserve
Construct Infanterie Kompanie
Coastal Reserve
Coastal Reserve
Coastal Reserve
MG 42 Machine Gun Team
Construct Panzergrenadier Kompanie
Pak 40 Anti-tank Gun Team
Selects Support Bunkers
Medical Bunker
Support Elements
Selects Designated Artillery Overwatch
Anti-tank Bunker
Nebelwerfer 42 Rocket Launcher Team
StuG III G Assault Gun
Coastal Reserve
Selects Bulwark
StuG III G Assault Gun
Coastal Reserve
Selects Artillery Officer
Pioneer Squad
Pioneer Squad
StuG III G Assault Gun
Selects Obice da 210/22 Artillery Emplacement
godchangseop
只愛❤毛妹
0
0
Comments
sign in to comment!
No comments posted yet!